 Dungeon Crawl Stone Soup version 0.28.0 (webtiles) character file.

Game seed: 5644596311809439550

555 browni3141 the Chopper (level 7, -9/93 HPs)
             Began as a Minotaur Berserker on Feb 17, 2022.
             Was a Believer of Trog.
             Mangled by a yak (14 damage)
             ... on level 4 of the Dungeon.
             The game lasted 00:01:49 (4011 turns).

browni3141 the Chopper (Minotaur Berserker)         Turns: 4011, Time: 00:01:50

Health: -9/93      AC:  7    Str: 24    XL:     7   Next: 8%
Magic:  6/6        EV: 10    Int:  4    God:    Trog [**....]
Gold:   176        SH:  2    Dex:  9    Spells: 6/6 levels left

rFire   . . .      SeeInvis .   a - +0 hand axe
rCold   . . .      Faith    .   j - +0 buckler
rNeg    . . .      Spirit   .   f - +0 scale mail
rPois   .          Reflect  .   (helmet restricted)
rElec   .          Harm     .   (no cloak)
rCorr   .          Rampage  .   (no gloves)
Will    .....                   (no boots)
Stlth   ..........              r - amulet of magic regeneration
HPRegen 0.25/turn               (no ring)
MPRegen 0.50/turn               (no ring)

@: berserking, very quick
A: horns 2, retaliatory headbutt
a: Renounce Religion, Berserk, Trog's Hand


You were on level 4 of the Dungeon.
You worshipped Trog.
Trog was pleased with you.
You visited 1 branch of the dungeon, and saw 5 of its levels.

You collected 176 gold pieces.


Innate Abilities, Weirdness & Mutations

You have a pair of horns on your head.
You reflexively headbutt those who attack you in melee.


   Skills:
 + Level 5.8 Fighting
 * Level 7.4 Axes
 + Level 5.0 Armour
 - Level 2.1 Dodging


You had 6 spell levels left.
You didn't know any spells.
Your spell library was empty.

Inventory:

Hand Weapons
 a - a +0 hand axe (weapon)
Armour
 b - a +0 animal skin
 f - a +0 scale mail (worn)
 j - a +0 buckler (worn)
Jewellery
 r - an amulet of magic regeneration (around neck)
Wands
 p - a wand of iceblast (13)
Scrolls
 c - a scroll of immolation {unknown}
 d - a scroll of noise {unknown}
 g - 3 scrolls of vulnerability {unknown}
 m - 3 scrolls of enchant armour {unknown}
 n - a scroll of silence {unknown}
 s - 2 scrolls of teleportation {unknown}
 v - a scroll of torment {unknown}
Potions
 e - a potion of ambrosia {unknown}
 h - 2 potions of haste {unknown}
 i - 2 potions of brilliance {unknown}
 k - a potion of magic {unknown}
 l - 3 potions of cancellation {unknown}
 o - 2 potions of heal wounds {@q2}
 q - a potion of berserk rage {unknown}
 t - a potion of might
 u - 2 potions of attraction {unknown}

Dungeon Overview and Level Annotations

Branches:
Dungeon (5/15)
 Temple: D:4-7

Altars:
Fedhas
Hepliaklqana

##...###.# #.#
#.#...## ...#.....#
#.# #.##..# ##...##..#
#.# #.##..# ##.###..#
#.# #.##..# #.# #..#
#.####.....###### #.#
#..# #.............<..
###.# #..#
#..##...##.###.##
....#
#..########Y.#.....#.#
#.# #####
#........Y@YY........#
#.# ##
##.###########.....###
#.# .#
#....#########...##
#.# .#
#.##.......)....## #.#
.#####
#.############### #.#
.....###.# #.#
.#.......# #.#
.#.#.##### ##.# .#.#.#
#..#


You could see 4 yaks.


Message History

The yak gores you.
* * * LOW HITPOINT WARNING * * *
The yak closely misses you.
You barely miss the yak.
The yak is moderately wounded.
You hit the yak. x2; The yak gores you.
* * * LOW HITPOINT WARNING * * *
The yak gores you!
* * * LOW HITPOINT WARNING * * *
The yak barely misses you.
You are too injured to fight recklessly!
You are too injured to fight recklessly!
You are too injured to fight recklessly!
You slash the yak!
The yak is severely wounded.
You hit the yak. You barely miss the yak. The yak gores you.
* * * LOW HITPOINT WARNING * * *
The yak closely misses you. You furiously retaliate!
You headbutt the yak! The yak gores you.
* * * LOW HITPOINT WARNING * * *
You barely miss the yak. Your headbutt misses the yak.
The yak is severely wounded.
You hit the yak. You completely miss the yak. You barely miss the yak.
The yak is severely wounded.
You hit the yak. You slash the yak! The yak gores you but does no damage.
The yak gores you!
* * * LOW HITPOINT WARNING * * *
The yak gores you!
You die...

Skill      XL: |  1  2  3  4  5  6  7 |
---------------+----------------------+-----
Axes           | 4 5 6 7 |  7.4
Fighting       | 4 5 |  5.8
Armour         | 3 4 5 |  5.0
Dodging        | |  2.1

Action                   |  1- 3 |  4- 6 |  7- 9 || total
-------------------------+-------+-------+-------++-------
Melee: Hand axe          |    51 |   119 |    15 ||   185
       Headbutt          |     2 |    16 |     4 ||    22
Invok: Berserk           |     1 |     1 |     1 ||     3
       Trog's Hand       |       |     1 |       ||     1
Armor: Animal skin       |    10 |       |       ||    10
       Scale mail        |    11 |    60 |     6 ||    77
Dodge: Dodged            |    55 |    73 |     9 ||   137
Block: Buckler           |       |    14 |     1 ||    15

Levels and vault maps discovered:
D:1:      tarquinn_simple_flora_water_f, layout_basic, columned_hall_lemuel
D:2:      kennysheep_the_goblin_king, layout_basic,
          ebering_ecumenical_altar_abandoned, minmay_tall_x, uniq_natasha
D:3:      layout_basic, lemuel_round_altar, fedhas_altar_4,
          minmay_misc_feat_ornament, roderic_batcave, small_statue_intersection
D:4:      layout_loops_ring, minmay_fractal_squares_5, uniq_grinder
D:5:      lemuel_insect_pit, layout_cave_pods, mainiacjoe_overflow_catwalk,
          grunt_decor_mini_mirrors

Notes
Turn   | Place    | Note
-------+----------+-------------------------------------------
     0 | D:1      | browni3141 the Minotaur Berserker began the quest for the
                  | Orb.
     0 | D:1      | Reached XP level 1. HP: 19/19 MP: 0/0
    66 | D:1      | Reached skill level 4 in Axes
    68 | D:1      | Reached XP level 2. HP: 21/27 MP: 1/1
   284 | D:1      | You fall into a shaft and drop 1 floor!
   284 | D:2      | Found a faded altar of an unknown god.
   354 | D:2      | Reached skill level 4 in Fighting
   354 | D:2      | Reached skill level 3 in Armour
   354 | D:2      | Reached XP level 3. HP: 24/33 MP: 2/2
   701 | D:2      | Reached ** piety under Trog
   785 | D:2      | Noticed Natasha
   790 | D:2      | Killed Natasha
   791 | D:2      | Reached skill level 5 in Axes
   791 | D:2      | Reached XP level 4. HP: 33/41 MP: 3/3
  1041 | D:2      | Noticed Natasha
  1046 | D:2      | Killed Natasha
  1242 | D:2      | Noticed Natasha
  1256 | D:2      | Killed Natasha
  1361 | D:2      | Reached XP level 5. HP: 47/47 MP: 4/4
  2632 | D:3      | Found a hazy altar of Hepliaklqana.
  2873 | D:3      | Reached skill level 4 in Armour
  2970 | D:3      | Found a blossoming altar of Fedhas.
  3084 | D:4      | Reached skill level 5 in Fighting
  3084 | D:4      | Reached skill level 6 in Axes
  3089 | D:4      | Reached XP level 6. HP: 56/56 MP: 5/5
  3390 | D:4      | Noticed Grinder
  3392 | D:4      | Paralysed by Grinder for 5 turns
  3410 | D:4      | Killed Grinder
  3411 | D:4      | Reached skill level 7 in Axes
  3518 | D:4      | Reached XP level 7. HP: 59/62 MP: 6/6
  3694 | D:4      | Reached skill level 5 in Armour
  4001 | D:5      | Entered Level 5 of the Dungeon
  4001 | D:5      | Noticed a yak
  4001 | D:5      | Noticed a yak
  4001 | D:5      | Noticed a yak
  4001 | D:5      | Noticed a yak
  4001 | D:5      | Noticed a yak
  4001 | D:5      | Noticed a yak
  4011 | D:4      | HP: 5/93 [yak (9)]
  4011 | D:4      | Mangled by a yak

Vanquished Creatures
  Grinder (D:4)
  2 water moccasin skeletons (D:4)
  A jelly (D:4)
  Natasha (thrice) (D:2)
  6 adders
  A worm (D:4)
  2 dart slugs
  2 orcs (D:4)
  5 ball pythons
  14 bats
  6 endoplasms
  7 giant cockroaches
  11 goblins
  9 hobgoblins
  3 quokkas
  4 frilled lizards
  5 kobolds
  4 rats
86 creatures vanquished.

Table legend: (Time is in decaauts)
 A = Elapsed time spent in this place.
 B = Non-inter-level travel time spent in this place.
 C = Inter-level travel time spent in this place.
 D = Time resting spent in this place.
 E = Time spent auto-exploring this place.
 F = Levels seen in this place.
 G = Mean time per level.
                   A        B        C        D        E       F      G
               +--------+--------+--------+--------+--------+-----+--------+
         Total |   4034 |   3867 |    167 |    197 |   3109 |   5 |  806.8 |
       Dungeon |   4034 |   3867 |    167 |    197 |   3109 |   5 |  806.8 |
               +--------+--------+--------+--------+--------+-----+--------+

Top non-repeatable levels by time:
     D:2: 1322 daAuts
     D:1: 1066 daAuts
     D:4: 949 daAuts
     D:3: 691 daAuts
     D:5: 4 daAuts

Table legend:
 A = Non-vault XP
 B = Vault XP
 C = Vault XP percentage of total XP
 D = Non-vault monster count
 E = Vault monster count
 F = Vault count percentage of total count
                 A         B        C        D         E       F
            +---------+---------+-------+---------+---------+-------
      Total |     310 |     484 |  61.0 |      57 |      29 |  33.7
            +---------+---------+-------+---------+---------+-------
        D:1 |      40 |       0 |   0.0 |      23 |       0 |   0.0
        D:2 |     108 |      76 |  41.3 |      17 |      12 |  41.4
        D:3 |      38 |      11 |  22.4 |       8 |       7 |  46.7
        D:4 |     124 |     397 |  76.2 |       9 |      10 |  52.6
            +---------+---------+-------+---------+---------+-------
